AoeStats
← Very ellegant player

Arabia

510110394Analyzed
1v1 RM · 20h ago on Sep 29, 2026· 49m 7s· 2 players
Game mode
Random Map
Map size
Tiny (2 player)
Population
200
Speed
Normal
Resources
Standard
Victory
Conquest
Starting age
Dark Age
Ending age
Imperial Age
RankedLock teamsTeams togetherTeam positionsShared explorationLock speedFull tech treeHidden civsTurbo modeCheats
Victory
Defeat
🇦🇷 Khitans · Argentina
1171
+15
🇹🇼 Britons · Taiwan
1155
-15
Asura
6:51 Loom
9:24 Feudal Age
9:53 Double-Bit Axe
15:16 Man-at-Arms
19:51 Castle Age
18:40 Fletching
19:06 Horse Collar
20:47 Bow Saw
22:24 Heavy Plow
22:22 Gold Mining
22:24 Fletching
24:29 Wheelbarrow
24:32 Scale Mail Armor
24:21 Pikeman
27:35 Hand Cart
30:50 Bodkin Arrow
31:42 Gold Shaft Mining
30:34 Crossbowman
31:11 Town Watch
34:36 Imperial Age
33:29 Ballistics
34:45 Padded Archer Armor
34:48 Arbalester
36:47 Bracer
37:48 Two-Man Saw
43:43 Conscription
43:01 Halberdier
45:53 Yeomen
46:14 Chain Mail Armor
48:33 Plate Mail Armor
Very ellegant player
2:31 Loom
10:20 Feudal Age
15:16 Domestication
19:59 Castle Age
18:14 Double-Bit Axe
20:49 Husbandry
21:21 Pastoralism
21:43 Scale Barding Armor
29:07 Forging
30:32 Wheelbarrow
30:22 Bow Saw
31:18 Chain Barding Armor
33:00 Iron Casting
40:37 Imperial Age
38:46 Gold Mining
40:48 Stone Mining
41:43 Conscription
41:09 Elite Steppe Lancer
42:50 Plate Barding Armor
Connection lost

Rejoining the realm…

Still unreachable

The connection could not be restored.

Session expired

The server has moved on; the page needs a fresh start.